 Dungeon Crawl Stone Soup version 0.26-a0-660-gc07710193c (console) character file.

Game seed: 10896603365027976140

147 om the Insei (level 5, -2/34 HPs)
             Began as an Octopode Transmuter on Oct 5, 2020.
             Slain by an adder (3 damage)
             ... on level 2 of the Dungeon.
             The game lasted 00:08:08 (2737 turns).

om the Insei (Octopode Transmuter)                  Turns: 2737, Time: 00:08:08

Health: -2/34      AC:  1    Str: 16    XL:     5   Next: 29%
Magic:  8/8        EV: 14    Int: 15    God:
Gold:   159        SH:  0    Dex: 13    Spells: 5/9 levels left

rFire    . . .     SeeInvis .   h - +0 dagger (speed)
rCold    . . .     Faith    .   (no shield)
rNeg     . . .     Spirit   .   (helmet currently unavailable)
rPois    .         Reflect  .   (no amulet)
rElec    .         Harm     .   j - +6 ring of strength
rCorr    .         Rampage  .   (no ring)
MR       .....                  (no ring)
Stlth    ++........             (no ring)
HPRegen  0.11/turn              (no ring)
MPRegen  0.11/turn              (no ring)
                                (no ring)
                                (no ring)

@: lethally poisoned (-2 -> -6), appendages (expiring), slowed, very slow
A: almost no armour, stealthy swim, amphibious, 8 rings, constrict 8, tentacle
spike 3, camouflage 1, gelatinous body 1
a: End Transformation


You were on level 2 of the Dungeon.
One of your tentacles had a temporary spike.
You visited 1 branch of the dungeon, and saw 4 of its levels.

You collected 159 gold pieces.

Inventory:

Hand Weapons
 h - a +0 dagger of speed (weapon)
 o - a +0 hunting sling of freezing
Jewellery
 j - a +6 ring of strength (left tentacle)
Scrolls
 c - 2 scrolls of identify {unknown}
 d - 3 scrolls of remove curse {unknown}
 i - a scroll of blinking {unknown}
 m - 3 scrolls of enchant armour {unknown}
 n - a scroll of enchant weapon {unknown}
 q - a scroll of fog {unknown}
Potions
 a - a potion of haste {unknown}
 b - a potion of heal wounds {unknown}
 e - a potion of lignification {unknown}
 f - 2 potions of magic
 g - a potion of resistance {unknown}
 k - a potion of brilliance {unknown}
 l - a potion of invisibility {unknown}
 p - a potion of curing {unknown}


   Skills:
 + Level 2.1 Fighting
 * Level 3.3 Dodging
 + Level 0.5 Stealth
 + Level 3.6 Unarmed Combat
 + Level 2.6 Spellcasting
 * Level 2.7 Transmutations
 * Level 0.6 Poison Magic


You had 5 spell levels left.
You knew the following spells:

 Your Spells              Type           Power        Failure   Level
a - Beastly Appendage     Tmut           ##....       7%          1
b - Spider Form           Tmut/Pois      #.........   30%         3

Your spell library contained the following spells:

 Spells                   Type           Power        Failure   Level
 Wereblood                Tmut           ##......     11%         2
 Ice Form                 Ice/Tmut       #.......     75%         4
 Blade Hands              Tmut           ##........   88%         5


Dungeon Overview and Level Annotations

Branches:
Dungeon (4/15)
 Temple: D:4-7

Altars:

Annotations:
D:2 Natasha
D:3 1 runed translucent door


Innate Abilities, Weirdness & Mutations

You cannot wear most types of armour.
You are very stealthy in the water. (Stealth+)
You are amphibious.
You can wear up to eight rings at the same time.
You can use your tentacles to constrict eight enemies at once.
Your skin changes colour to match your surroundings (Stealth+).
Your rubbery body absorbs attacks. (AC +1, EV +1)
One of your tentacles bears a large vicious spike.


Message History

You miss the adder. You grab the adder. You constrict the adder.
You feel sick. The adder bites you.
You hit the adder but do no damage. Your squeeze misses the adder.
The adder is moderately wounded.
You constrict the adder.
You feel sick. The adder misses you.
You release your grip on the adder.
You feel sick. The adder bites you.
You feel sick. The adder bites you.
* * * LOW HITPOINT WARNING * * *
You feel sick. The adder barely misses you.
There is a stone staircase leading up here.
You feel sick. The adder barely misses you. Natasha barely misses you.
Natasha closely misses you. The adder bites you.
* * * LOW HITPOINT WARNING * * *
You climb upwards.
The white imp disappears in a puff of smoke!
Your transformation is almost over.
* * * LOW HITPOINT WARNING * * *
You feel sick.
There is a stone staircase leading down here.
Okay, then.
It was a potion of magic.
Magic courses through your body. The adder bites you.
You die...

.......# .......#
.......# .......#
.......# ############
.......# #........>.#
##...#### #..........#
#.......# #..........#
........# #..........#
........# ##...h......#
........# ##...@.......#
#.......# ##..<..S..(...#
........###...>.........#
........#...............#
........#...##..........#
###........##############
....#....### ####.....#
####>....##
##....#...#########
....#........##...#


You could see Natasha and an adder.

Vanquished Creatures
  An orc wizard (D:3)
  Natasha (D:3)
  2 adders
  4 worms (D:2)
  3 dart slugs (D:2)
  9 orcs (D:3)
  A ball python (D:1)
  6 bats
  2 giant cockroaches
  2 goblins (D:2)
  4 hobgoblins
  5 kobolds
  2 quokkas
  2 frilled lizards
  8 rats
52 creatures vanquished.

Notes
Turn   | Place    | Note
-------+----------+-------------------------------------------
     0 | D:1      | om the Octopode Transmuter began the quest for the Orb.
     0 | D:1      | Reached XP level 1. HP: 13/13 MP: 3/3
   312 | D:1      | Reached XP level 2. HP: 11/18 MP: 3/5
   953 | D:2      | Reached XP level 3. HP: 17/23 MP: 4/6
  1558 | D:3      | Noticed Natasha
  1565 | D:3      | Killed Natasha
  1565 | D:3      | Reached XP level 4. HP: 18/29 MP: 5/7
  1708 | D:3      | Learned a level 3 spell: Spider Form
  2180 | D:4      | Noticed an ogre
  2303 | D:3      | Found a runed translucent door.
  2576 | D:3      | Reached XP level 5. HP: 28/34 MP: 6/8
  2717 | D:3      | Noticed Natasha
  2736 | D:2      | HP: 1/34 [poisoned by an adder]
  2737 | D:2      | Slain by an adder

Illustrated notes

Levels and vault maps discovered:
D:1:      wander_arrival_desolate, layout_basic
D:2:      layout_rooms
D:3:      layout_basic, ebering_ghost_reflecting_pool, uniq_natasha
D:4:      layout_loops_cross, minmay_temple_entry_mist

Skill      XL: |  1  2  3  4  5 |
---------------+----------------+-----
Dodging        | 3 |  3.3
Fighting       | 2 |  2.1
Stealth        | |  0.5
Unarmed Combat | |  3.6
Spellcasting   | |  2.6
Transmutations | |  2.7
Poison Magic   | |  0.6

Action                   |  1- 3 |  4- 6 || total
-------------------------+-------+-------++-------
Melee: Unarmed           |    16 |       ||    16
       Constrict         |    27 |    15 ||    42
       Kick              |    20 |    21 ||    41
       Tentacles         |    12 |    10 ||    22
       Dagger            |    56 |    55 ||   111
       Punch             |     2 |     1 ||     3
 Cast: Beastly Appendage |    14 |    10 ||    24
  Use: Potion            |       |     1 ||     1
 Stab: Sleeping          |     3 |     2 ||     5
Armor: Skin              |     8 |     4 ||    12
Dodge: Dodged            |    41 |    35 ||    76

Table legend: (Time is in decaauts)
 A = Elapsed time spent in this place.
 B = Non-inter-level travel time spent in this place.
 C = Inter-level travel time spent in this place.
 D = Time resting spent in this place.
 E = Time spent auto-exploring this place.
 F = Levels seen in this place.
 G = Mean time per level.
                   A        B        C        D        E       F      G
               +--------+--------+--------+--------+--------+-----+--------+
         Total |   2711 |   2433 |    278 |    221 |   1832 |   4 |  677.8 |
       Dungeon |   2711 |   2433 |    278 |    221 |   1832 |   4 |  677.8 |
               +--------+--------+--------+--------+--------+-----+--------+

Top non-repeatable levels by time:
     D:3: 1132 daAuts
     D:1: 906 daAuts
     D:2: 632 daAuts
     D:4: 39 daAuts
